 Dungeon Crawl Stone Soup version 0.18.1-51-gd549091e01 (webtiles) character file.

120 magog001 the Covered (level 4, 0/40 HPs)
             Began as a Minotaur Fighter on Sept 11, 2022.
             Was a Follower of Nemelex Xobeh.
             Killed from afar by an orc wizard (1 damage)
             ... with a puff of flame
             ... on level 3 of the Dungeon.
             The game lasted 00:08:02 (1715 turns).

magog001 the Covered (Minotaur Fighter)             Turns: 1715, Time: 00:08:02

Health: 0/40       AC:  7    Str: 27    XL:     4   Next: 75%
Magic:  3/3        EV:  8    Int:  5    God:    Nemelex Xobeh [*.....]
Gold:   92         SH:  0    Dex:  9    Spells: 0 memorised, 3 levels left

rFire  . . .     SeeInvis .     a - +0 war axe
rCold  . . .     Gourm    .     b - +0 scale mail
rNeg   . . .     Faith    .     c - +0 shield
rPois  +         Spirit   .     (helmet restricted)
rElec  .         Dismiss  .     (no cloak)
rCorr  .         Reflect  .     (no gloves)
SustAt .         Harm     .     (no boots)
MR     .....                    (no amulet)
Stlth  ..........               (no ring)
                                o - ring of poison resistance

@: confused, mighty, not resistant to hostile enchantments, extremely unstealthy
A: retaliatory headbutt, horns 2
a: Renounce Religion


You were on level 3 of the Dungeon.
You worshipped Nemelex Xobeh.
Nemelex Xobeh was aware of your devotion.
You were not hungry.

You visited 1 branch of the dungeon, and saw 3 of its levels.

You collected 92 gold pieces.

Inventory:

Hand Weapons
 a - a +0 war axe (weapon)
 n - a +0 hunting sling
Missiles
 k - 49 sling bullets
Armour
 b - a +0 scale mail (worn)
 c - a +0 shield (worn)
Jewellery
 o - a ring of poison resistance (left hand)
Scrolls
 e - a scroll of fear {unknown}
 f - a scroll of recharging {unknown}
 h - 4 scrolls of identify {unknown}
 m - a scroll of noise {unknown}
 t - 2 scrolls of immolation {unknown}
Potions
 g - a potion of agility {unknown}
 j - 2 potions of cure mutation {unknown}
 l - a potion of invisibility {unknown}
 p - a potion of lignification {unknown}
 r - a potion of curing {unknown}
 s - a potion of degeneration {unknown}
 u - a potion of haste {unknown}
Miscellaneous
 i - a plain deck of escape
Comestibles
 q - a chunk of flesh


   Skills:
 + Level 4.2 Fighting
 + Level 3.2 Axes
 + Level 5.0 Armour
 + Level 1.3 Dodging
 + Level 4.3 Shields


You had 3 spell levels left.
You didn't know any spells.

Dungeon Overview and Level Annotations

Branches:
Dungeon (3/15)

Altars:
Elyvilon
Gozag
Nemelex Xobeh


Innate Abilities, Weirdness & Mutations

You reflexively headbutt those who attack you in melee.
You have a pair of horns on your head.


Message History

Something tries to affect you, but you resist.
You miss something.
You hear some strange, mumbled words.
You are confused.
Something hits you but does no damage.
You bump into the rock wall.
You hear some strange, mumbled words.
A magic dart appears from out of thin air!
The magic dart hits you!
* * * LOW HITPOINT WARNING * * *
You closely miss something. Your headbutt misses something. Something hits you.
* * * LOW HITPOINT WARNING * * *
You bump into the rock wall.
Something hits you.
* * * LOW HITPOINT WARNING * * *
You bump into the rock wall.
You hear some strange, mumbled words.
A puff of flame appears from out of thin air!
The puff of flame hits you!
You die...
Your body disappears without a glow.

#....## ##### .#...
#..)%## .#... #.....#
##..... ##$....## ###.!.#
. ## ........####...# .. #
#...........รท..# .#. .#
#######..#.....## ..#.##
##..
##........##...#>..####...
###....#.@{$...........# #
#....####...###...#..#.#
........# ....###o..w...
.######## .#.....<.##..
#####.#.# #.#.>. $$###...
$_$# .#. .$$$# .


There were no monsters in sight!

Vanquished Creatures
  3 adders
  2 worms (D:2)
  3 dart slugs (D:1)
  3 giant geckos (D:1)
  2 orcs
  2 ball pythons
  A giant cockroach (D:1)
  12 goblins
  7 hobgoblins
  12 jackals
  5 kobolds
  11 bats
  A giant newt (D:1)
  4 rats
68 creatures vanquished.

Notes
Turn   | Place    | Note
--------------------------------------------------------------
     0 | D:1      | magog001 the Minotaur Fighter began the quest for the Orb.
     0 | D:1      | Reached XP level 1. HP: 19/19 MP: 0/0
    70 | D:1      | Reached XP level 2. HP: 24/27 MP: 1/1
    80 | D:1      | Reached skill level 4 in Armour
    84 | D:1      | Found a sparkling altar of Nemelex Xobeh.
   108 | D:1      | Became a worshipper of Nemelex Xobeh the Trickster
   247 | D:1      | Received a gift from Nemelex Xobeh
   328 | D:1      | Reached XP level 3. HP: 32/33 MP: 2/2
   418 | D:1      | Reached skill level 1 in Dodging
   660 | D:2      | Reached XP level 4. HP: 37/40 MP: 3/3
   900 | D:2      | Found a white marble altar of Elyvilon.
  1144 | D:2      | Reached * piety under Nemelex Xobeh
  1615 | D:3      | Found an opulent altar of Gozag.
  1698 | D:3      | Reached skill level 5 in Armour
  1714 | D:3      | HP: 1/40 [something (2)]
  1715 | D:3      | Killed from afar by an orc wizard

Skill      XL: |  1  2  3  4 |
---------------+-------------+-----
Armour         | 4 5 |  5.0
Shields        | 4 |  4.3
Fighting       | 4 |  4.2
Dodging        | 1 |  1.3
Axes           | 3 |  3.2

Action                   |  1- 3 |  4- 6 || total
-------------------------+-------+-------++-------
Melee: War axe           |    90 |    72 ||   162
       Headbutt          |    10 |     9 ||    19
  Use: Potion            |       |     1 ||     1
  Eat: Chunk             |       |     2 ||     2
       Bread ration      |       |     1 ||     1
Armor: Scale mail        |    43 |    21 ||    64
Dodge: Dodged            |    42 |    23 ||    65
Block: Shield            |    47 |    38 ||    85
